 Dungeon Crawl Stone Soup version 0.30-b1-2-g02819fbbbe (webtiles) character file.

Game seed: 9398181225000335122

365 Arcadio the Trooper (level 6, -1/57 HPs)
             Began as a Minotaur Monk on May 6, 2023.
             Slain by a gnoll
             ... wielding a +0 whip of electrocution
             ... led by a gnoll bouda
              (12 damage)
             ... on level 5 of the Dungeon.
             The game lasted 00:05:52 (3423 turns).

Arcadio the Trooper (Minotaur Monk)                 Turns: 3423, Time: 00:05:53

Health: -1/57      AC:  9    Str: 18    XL:     6   Next: 40%
Magic:  5/5        EV:  9    Int:  7    God:
Gold:   230        SH:  0    Dex: 12    Spells: 5/5 levels left

rFire   . . .        a - +0 hand axe
rCold   . . .        d - orb {light}
rNeg    . . .        l - +0 chain mail
rPois   .            (helmet restricted)
rElec   .            (no cloak)
rCorr   .            q - +0 pair of gloves
SInv    .            (no boots)
Will    .....        (no amulet) Stlth
                     (no ring)
HPRegen 0.29/turn    (no ring)
MPRegen 0.09/turn

%: no passive effects
@: glowing
A: horns 2, retaliatory headbutt
a: no special abilities


You were on level 5 of the Dungeon.
You visited 1 branch of the dungeon, and saw 5 of its levels.

You collected 230 gold pieces.

Inventory:

Hand Weapons
 a - a +0 hand axe (weapon)
Armour
 b - a +0 robe
 d - an orb of light (worn)
 g - a +0 scale mail
 l - a +0 chain mail (worn)
 q - a +0 pair of gloves (worn)
Wands
 i - a wand of roots (6)
Scrolls
 h - 4 scrolls of teleportation
 k - a scroll of immolation {unknown}
 m - 2 scrolls of fear {unknown}
 n - a scroll of enchant weapon {unknown}
 o - 2 scrolls of enchant armour {unknown}
 s - a scroll of vulnerability
 w - a scroll of noise {unknown}
Potions
 c - 2 potions of ambrosia
 e - 2 potions of flight
 f - a potion of attraction
 j - 2 potions of curing
 p - a potion of heal wounds {unknown}
 t - 2 potions of berserk rage
 u - a potion of haste {unknown}
 v - a potion of might {unknown}


   Skills:
 + Level 5.9 Fighting
 + Level 5.8 Axes
 + Level 5.2 Dodging


You had 5 spell levels left.
You didn't know any spells.
Your spell library contained the following spells:

 Spells                   Type           Power      Damage    Failure   Level
 Magic Dart               Conj           0%         1d3       99%         1
 Sandblast                Erth           0%         2d4       99%         1
 Sting                    Tmut/Pois      0%         1d3       99%         1
 Call Imp                 Summ           0%         N/A       100%        2
 Passwall                 Tmut/Erth      0%         N/A       100%        2
 Poisonous Vapours        Pois/Air       0%         N/A       100%        2
 Call Canine Familiar     Summ           0%         N/A       100%        3
 Gell's Gravitas          Tloc           0%         N/A       100%        3
 Mephitic Cloud           Conj/Pois/Air  0%         N/A       100%        3
 Portal Projectile        Hex/Tloc       0%         N/A       100%        3
 Stone Arrow              Conj/Erth      0%         3d7       100%        3
 Teleport Other           Tloc           0%         N/A       100%        3
 Tukima's Dance           Hex            0%         N/A       100%        3
 Animate Armour           Summ/Erth      0%         N/A       100%        4
 Leda's Liquefaction      Hex/Erth       0%         N/A       100%        4
 Olgreb's Toxic Radiance  Pois           0%         N/A       100%        4
 Blade Hands              Tmut           0%         N/A       100%        5
 Dispersal                Tloc           0%         N/A       100%        6
 Lehudib's Crystal Spear  Conj/Erth      0%         10d2      100%        8


Dungeon Overview and Level Annotations

Branches:
Dungeon (5/15) Zot: 26554
 Temple: D:4-7

Altars:
Okawaru

Shops:
D:1 (   D:4 *


Innate Abilities, Weirdness & Mutations

You have a pair of horns on your head.
You reflexively headbutt those who attack you in melee.


Message History

The gnoll bouda is severely wounded.
The gnoll bouda barks out a call to the hunt!
The gnoll picks up the pace!
You hit the gnoll bouda but do no damage.
You headbutt the gnoll bouda.
You kill the gnoll bouda!
The gnoll is no longer moving quickly. x3
You slash the gnoll!
You kill the gnoll!
You hit the gnoll but do no damage.
The gnoll hits you from afar with a +0 spear.
The gnoll hits you but does no damage. The gnoll closely misses you.
You hit the gnoll. You headbutt the gnoll.
The gnoll is heavily wounded.
The gnoll barely misses you. x2
You hit the gnoll.
You kill the gnoll!
The gnoll hits you from afar with a +0 spear.
You hit the gnoll.
The gnoll is lightly wounded.
The gnoll hits you but does no damage. The gnoll closely misses you.
You hit the gnoll but do no damage.
The gnoll is lightly wounded.
The gnoll hits you with a +0 whip of electrocution.
The gnoll barely misses you.
You barely miss the gnoll. You headbutt the gnoll!
The gnoll is almost dead.
The gnoll barely misses you. You furiously retaliate!
You headbutt the gnoll, but do no damage.
The gnoll hits you from afar with a +0 spear.
You hit the gnoll.
The gnoll is almost dead.
The gnoll hits you but does no damage.
You are electrocuted!
* * * LOW HITPOINT WARNING * * *
The gnoll barely misses you.
You see here a throwing net.
You hit the gnoll but do no damage.
The gnoll is almost dead.
The gnoll hits you but does no damage. x2; You are electrocuted!
You die...

#....## #...... #...## ##.....
###...### #g..<.o #.......#
♣...g..o.. #.......##.#..
........o. ##...........#
g#........ ####.......#...###
#....>... #..........#..##.##
####g........
#...............@g##.............
#........##.#..###ggg.........###
##........#.##..#..###.....
#(...>.....##...(.## #..
#.........###......##
##....†....#...........
#.....)................#
#.......................
.......(..............#.#


You could see 4 gnolls.

Vanquished Creatures
  A scorpion (D:5)
  A howler monkey (D:4)
  A hound (D:4)
  A gnoll bouda (D:5)
  Ijyb (D:3)
  Terence (D:3)
  3 gnolls
  5 adders
  An ufetubus (D:4)
  3 worms
  A dart slug (D:1)
  4 orcs
  7 bats
  7 endoplasms
  A giant cockroach (D:2)
  5 goblins
  6 hobgoblins
  9 jackals
  3 kobolds
  A quokka (D:2)
  5 ball pythons
  5 frilled lizards (D:1)
  4 rats
76 creatures vanquished.

Notes
Turn   | Place    | Note
-------+----------+-------------------------------------------
     0 | D:1      | Arcadio the Minotaur Monk began the quest for the Orb.
     0 | D:1      | Reached XP level 1. HP: 19/19 MP: 0/0
    50 | D:1      | Reached XP level 2. HP: 27/27 MP: 1/1
   621 | D:1      | Found Imuwyps's Antique Weapon Boutique.
   843 | D:2      | Reached XP level 3. HP: 29/33 MP: 2/2
  1448 | D:2      | Identified the +2 short sword "Tormentor" {freeze, rCorr
                  | Dex+2}
  1653 | D:3      | Noticed Terence
  1654 | D:3      | Noticed Ijyb
  1660 | D:3      | Reached XP level 4. HP: 38/41 MP: 3/3
  1665 | D:3      | Killed Terence
  1673 | D:3      | Killed Ijyb
  1878 | D:3      | Reached skill level 5 in Fighting
  2168 | D:3      | Reached XP level 5. HP: 45/48 MP: 4/4
  2635 | D:4      | Reached skill level 5 in Axes
  2760 | D:4      | Found an iron altar of Okawaru.
  2923 | D:4      | Found Daptamoh's Assorted Antiques.
  3136 | D:5      | Entered Level 5 of the Dungeon
  3276 | D:5      | Noticed an ogre
  3378 | D:5      | Reached skill level 5 in Dodging
  3378 | D:5      | Reached XP level 6. HP: 57/57 MP: 5/5
  3423 | D:5      | Slain by a gnoll

Illustrated notes

Levels and vault maps discovered:
D:1:      saegor_arrival_miasma, layout_loops_ring, serial_shops,
          nicolae_shop_real_fake_doors, grunt_decor_arrowhead
D:2:      wad_crossroads, layout_basic, kennysheep_doodads
D:3:      layout_basic, uniq_terence, uniq_ijyb
D:4:      layout_loops_ring, okawaru_trees_1, serial_shops, shop
D:5:      nicolae_cairo_tiling_large, layout_cave_pools, kennysheep_mini,
          mainiacjoe_overflow_24_doors, grunt_ministairs_9, minmay_pentangle

Skill      XL: |  1  2  3  4  5 |
---------------+----------------+-----
Fighting       | 4 5 |  5.9
Axes           | 4 5 |  5.8
Dodging        | 4 5 |  5.2

Action                     |  1- 3 |  4- 6 || total
---------------------------+-------+-------++-------
  Melee: Hand axe          |    81 |    97 ||   178
         Headbutt          |    15 |    23 ||    38
    Use: Scroll            |     2 |     4 ||     6
         Potion            |       |     1 ||     1
 Armour: Robe              |     4 |       ||     4
         Scale mail        |    19 |       ||    19
         Chain mail        |    17 |    53 ||    70
  Dodge: Dodged            |    43 |    51 ||    94
